 Dungeon Crawl Stone Soup version 0.24.0-13-gcf9b3192b9 (webtiles) character file.

Game seed: 3071295824583027770, levelgen mode: deterministic

102 no0bjke the Chopper (level 4, 0/28 HPs)
             Began as a Gargoyle Fighter on Nov 5, 2019.
             Slain by Grinder (1 damage)
             ... on level 3 of the Dungeon.
             The game lasted 00:02:05 (1694 turns).

no0bjke the Chopper (Gargoyle Fighter)              Turns: 1694, Time: 00:02:06

Health: 0/28       AC: 10    Str: 20    XL:     4   Next: 78%
Magic:  4/4        EV:  7    Int:  9    God:
Gold:   144        SH:  9    Dex:  9    Spells: 3/3 levels left

rFire    . . .     SeeInvis .   a - +0 war axe
rCold    . . .     Gourm    .   c - +0 shield
rNeg     + . .     Faith    .   b - +0 scale mail
rPois    ∞         Spirit   .   (no helmet)
rElec    +         Reflect  .   (no cloak)
rCorr    .         Harm     .   (no gloves)
MR       .....                  (no boots)
Stlth    ..........             (no amulet)
HPRegen  0.09/turn              (no ring)
MPRegen  0.09/turn              (no ring)

@: no status effects
A: negative energy resistance 1, electricity resistance, unbreathing,
petrification resistance, rot immunity, AC +3
a: no special abilities


You were on level 3 of the Dungeon.
You were not hungry.

You visited 1 branch of the dungeon, and saw 3 of its levels.

You collected 144 gold pieces.

Inventory:

Hand Weapons
 a - a +0 war axe (weapon)
Armour
 b - a +0 scale mail (worn)
 c - a +0 shield (worn)
 i - a +0 large shield
Jewellery
 m - a cursed ring of attention {unknown}
Scrolls
 h - 2 scrolls of teleportation {unknown}
 k - a scroll of remove curse {unknown}
 l - a scroll of enchant weapon {unknown}
 p - a scroll of identify {unknown}
Potions
 d - a potion of might
 e - 3 potions of agility {unknown}
 g - a potion of berserk rage {unknown}
 n - 3 potions of lignification {unknown}
 o - a potion of ambrosia {unknown}
 q - 2 potions of brilliance {unknown}
Comestibles
 f - 2 rations
 j - 3 chunks of flesh


   Skills:
 - Level 3.2 Fighting
 * Level 4.4 Axes
 - Level 3.2 Armour
 - Level 3.2 Shields


You had 3 spell levels left.
You didn't know any spells.
Your spell library was empty.

Dungeon Overview and Level Annotations

Branches:
Dungeon (3/15)

Altars:
Gozag
Yredelemnul

Annotations:
D:3 Grinder


Innate Abilities, Weirdness & Mutations

You are resistant to torment.
Your stone body is resilient. (AC +3)
You are immune to poison.
You resist negative energy. (rN+)
You are resistant to electric shocks. (rElec)
You can survive without breathing.
You are immune to petrification.
You are immune to rotting.


Message History

You closely miss Grinder.
Grinder is almost dead.
Grinder hits you but does no damage. Grinder misses you.
You barely miss Grinder.
Grinder is almost dead.
Grinder hits you but does no damage.
Your shield prevents you from hitting Grinder.
Grinder is almost dead.
You hit the leopard gecko.
You kill the leopard gecko!
Grinder gestures at you.
You suddenly lose the ability to move!
Grinder hits you but does no damage. x4
Grinder hits you.
* * * LOW HITPOINT WARNING * * *
You can move again.
You hit Grinder.
Grinder is almost dead.
Grinder hits you.
You die...

##### #... .
#####.##
...##......####...
...........5......
..###.....@####..
#....).# #......#
##.###.## ...##...##
#####.....##
###.......#
#....._......
########.#.......###


You could see Grinder.

Vanquished Creatures
  Jessica (D:3)
  2 adders (D:2)
  A worm (D:2)
  A dart slug (D:1)
  A leopard gecko (D:3)
  2 orcs (D:3)
  A giant cockroach (D:1)
  5 goblins
  9 hobgoblins
  4 jackals (D:1)
  8 bats
  A frilled lizard (D:1)
  4 kobolds
  7 rats
47 creatures vanquished.

Notes
Turn   | Place    | Note
-------+----------+-------------------------------------------
     0 | D:1      | no0bjke the Gargoyle Fighter began the quest for the Orb.
     0 | D:1      | Reached XP level 1. HP: 14/14 MP: 1/1
    37 | D:1      | Reached skill level 2 in Axes
   102 | D:1      | Reached XP level 2. HP: 19/19 MP: 2/2
   552 | D:1      | Reached skill level 3 in Axes
   562 | D:1      | Reached XP level 3. HP: 20/23 MP: 3/3
   935 | D:2      | Found a basalt altar of Yredelemnul.
  1255 | D:2      | Reached XP level 4. HP: 23/28 MP: 4/4
  1487 | D:3      | Reached skill level 4 in Axes
  1638 | D:3      | Found an opulent altar of Gozag.
  1643 | D:3      | Noticed Jessica
  1645 | D:3      | Killed Jessica
  1645 | D:3      | Noticed Grinder
  1647 | D:3      | Paralysed by Grinder for 3 turns
  1656 | D:3      | Paralysed by Grinder for 4 turns
  1664 | D:3      | Paralysed by Grinder for 4 turns
  1681 | D:3      | Paralysed by Grinder for 4 turns
  1688 | D:3      | Paralysed by Grinder for 6 turns
  1693 | D:3      | HP: 1/28 [Grinder (3)]
  1694 | D:3      | Slain by Grinder

Levels and vault maps discovered:
D:1:      lemuel_arrival_broad_hall, layout_loops_corners
D:2:      layout_basic, yredelemnul_altar_generic, kennysheep_cross_room
D:3:      layout_basic, lemuel_round_altar, uniq_jessica, uniq_grinder

Skill      XL: |  1  2  3  4 |
---------------+-------------+-----
Axes           | 2 3 4 |  4.4
Fighting       | |  3.2
Armour         | |  3.2
Shields        | |  3.2

Action                   |  1- 3 |  4- 6 || total
-------------------------+-------+-------++-------
Melee: War axe           |   119 |    50 ||   169
  Eat: Chunk             |     1 |     2 ||     3
Armor: Scale mail        |    57 |    36 ||    93
Dodge: Dodged            |    40 |    15 ||    55
Block: Shield            |    72 |    24 ||    96
